 Dungeon Crawl Stone Soup version 0.29.1-12-g30fa7ad0bf (webtiles) character file.

Game seed: 2358251136831084631

140 112233 the Ducker (level 5, -4/24 HPs)
             Began as a Felid Air Elementalist on Dec 17, 2022.
             Was an Initiate of Gozag.
             Slain by a water moccasin (5 damage)
             ... on level 6 of the Dungeon.
             The game lasted 00:05:05 (6104 turns).

112233 the Ducker (Felid Air Elementalist)          Turns: 6104, Time: 00:05:06

Health: -4/24      AC:  1    Str:  4    XL:     5   Next: 2%
Magic:  0/11       EV: 19    Int: 19    God:    Gozag
Gold:   405        SH:  0    Dex: 16    Spells: 3/10 levels left
                                        Lives:  0   Deaths: 1

rFire   . . .      SeeInvis +   (weapon unavailable)
rCold   . . .      Faith    .   (shield unavailable)
rNeg    . . .      Spirit   +   (body armour unavailable)
rPois   .          Reflect  .   (helmet unavailable)
rElec   .          Harm     .   (cloak unavailable)
rCorr   +          Rampage  .   (gloves unavailable)
Will    .....                   (boots unavailable)
Stlth   ++........              c - amulet of guardian spirit
HPRegen 0.08/turn               l - ring of resist corrosion
MPRegen 0.12/turn               (no ring)

@: lethally poisoned (-4 -> -15), quick
A: very small, claws 1, fangs 3, see invisible, speed 1, shaggy fur 1, stealthy
paws, no weapons or thrown items, no armour, multi-lived
a: Renounce Religion, Potion Petition, Call Merchant, Bribe Branch


You were on level 6 of the Dungeon.
You worshipped Gozag.
Gozag was aware of your devotion.
You visited 1 branch of the dungeon, and saw 6 of its levels.

You collected 444 gold pieces.
You paid 39 gold pieces to Gozag.

Inventory:

Jewellery
 c - an amulet of guardian spirit (around neck)
 l - a ring of resist corrosion (left paw)
 n - a ring of fire
 o - a ring of fire
Wands
 q - a wand of mindburst (9)
 u - a wand of quicksilver (8)
Scrolls
 g - a scroll of teleportation {unknown}
 i - 6 scrolls of identify
 j - 2 scrolls of blinking
 k - 3 scrolls of fear {unknown}
 m - a scroll of noise {unknown}
 p - a scroll of vulnerability {unknown}
 s - a scroll of acquirement {unknown}
Potions
 a - a potion of magic
 b - a potion of degeneration {unknown}
 d - 3 potions of heal wounds {unknown}
 e - 2 potions of cancellation {unknown}
 f - 3 potions of haste {unknown}
 h - a potion of ambrosia {unknown}
 r - 2 potions of might {unknown}
 t - a potion of flight {unknown}
 v - a potion of mutation {unknown}
 w - a potion of curing {unknown}


   Skills:
 + Level 2.8 Fighting
 * Level 4.8 Dodging
 - Level 2.6 Stealth
 + Level 3.4 Spellcasting
 - Level 0.8 Conjurations
 * Level 3.6 Air Magic


You had 3 spell levels left.
You knew the following spells:

 Your Spells              Type           Power      Damage    Failure   Level
a - Shock                 Conj/Air       44%        1d5       6%          1
b - Static Discharge      Conj/Air       11%        3-5/arc   9%          2
c - Airstrike             Air            8%         2d(2-18)  32%         4

Your spell library contained the following spells:

 Spells                   Type           Power      Damage    Failure   Level
 Swiftness                Air            16%        N/A       10%         3
 Poisonous Vapours        Pois/Air       20%        N/A       11%         2
 Sting                    Tmut/Pois      12%        1d3       14%         1
 Olgreb's Toxic Radiance  Pois           3%         N/A       82%         4


Dungeon Overview and Level Annotations

Branches:
Dungeon (6/15)             Temple (0/1) D:4

Altars:
Gozag
Makhleb
Yredelemnul


Innate Abilities, Weirdness & Mutations

You have sharp claws.
You have razor-sharp teeth.
You have supernaturally acute eyesight. (SInv)
You cover ground quickly. (Speed+)
You are covered in fur. (AC +1)
Your paws help you pounce on unaware monsters.
You are incapable of wielding weapons or throwing items.
You cannot wear armour.
You gain extra lives every three experience levels.


Message History

The water moccasin completely misses you.
The water moccasin barely misses you.
Unknown command.
You scratch the water moccasin but do no damage.
The water moccasin is moderately wounded.
The water moccasin completely misses you.
Unknown command.
You miss the water moccasin.
The water moccasin is moderately wounded.
The water moccasin bites you but does no damage.
The water moccasin completely misses you.
Unknown command.
You closely miss the water moccasin.
You bite the water moccasin, but do no damage.
The water moccasin is moderately wounded.
The water moccasin barely misses you.
Unknown command.
You scratch the water moccasin but do no damage.
The water moccasin is moderately wounded.
The water moccasin bites you but does no damage.
You scratch the water moccasin but do no damage.
The water moccasin is moderately wounded.
The water moccasin completely misses you.
The water moccasin bites you!
You are lethally poisoned!
The water moccasin poisons you!
Unknown command.
You closely miss the water moccasin.
The water moccasin is moderately wounded.
* * * LOW HITPOINT WARNING * * *
You feel very sick.
The water moccasin completely misses you.
Unknown command.
You scratch the water moccasin. You bite the water moccasin.
The water moccasin is heavily wounded.
* * * LOW HITPOINT WARNING * * *
You feel very sick. The water moccasin bites you.
You die...
Your body crumbles into a pile of gold.

#.....#
##.....#
#......#
#......#
#......#
#......#
+......#
#.@S...#
#......#
#......#
...#+###
....#
.....#
......#
$
.......#


You could see a water moccasin.

Vanquished Creatures
  An ogre (D:4)
  A hound (D:3)
  Terence (D:3)
  2 adders
  2 ufetubi (D:5)
  2 dart slugs
  6 orcs
  10 endoplasms
  8 goblins
  6 hobgoblins
  2 jackals (D:2)
  8 quokkas
  6 ball pythons
  6 bats
  2 frilled lizards (D:3)
  13 kobolds
  5 rats
  A spectral orc (D:3)
82 creatures vanquished.

Vanquished Creatures (others)
  13 plants (D:3)
13 creatures vanquished.

Grand Total: 95 creatures vanquished

Notes
Turn   | Place    | Note
-------+----------+-------------------------------------------
     0 | D:1      | 112233 the Felid Air Elementalist began the quest for the
                  | Orb.
     0 | D:1      | Reached XP level 1. HP: 7/7 MP: 4/4
   393 | D:1      | Reached skill level 1 in Fighting
   393 | D:1      | Reached XP level 2. HP: 12/12 MP: 0/6
  1726 | D:2      | Reached XP level 3. HP: 16/16 MP: 5/8
  1844 | D:2      | Learned a level 2 spell: Static Discharge
  2103 | D:2      | Found a faded altar of an unknown god.
  2160 | D:2      | Reached skill level 3 in Dodging
  2794 | D:3      | Found a faded altar of an unknown god.
  2863 | D:3      | Noticed Terence
  3139 | D:3      | Found an opulent altar of Gozag.
  3160 | D:3      | Became a worshipper of Gozag Ym Sagoz the Greedy
  3252 | D:5      | Entered Level 5 of the Dungeon
  3453 | D:5      | Reached XP level 4. HP: 18/19 MP: 1/9
  3457 | D:5      | Noticed a phantom
  3672 | D:4      | Found a staircase to the Ecumenical Temple.
  3898 | D:4      | Noticed an ogre
  4039 | D:3      | Reached skill level 4 in Dodging
  4271 | D:3      | Learned a level 4 spell: Airstrike
  4434 | D:3      | Found a basalt altar of Yredelemnul.
  4445 | D:3      | You fall into a shaft and drop 1 floor!
  4649 | D:3      | Found a burning altar of Makhleb.
  4690 | D:3      | Killed Terence
  4691 | D:3      | Reached XP level 5. HP: 23/23 MP: 10/10
  5131 | D:4      | Killed an ogre
  5588 | D:5      | Noticed a phantom
  6058 | D:5      | Slain by a gnoll
  6059 | D:5      | Reached XP level 4. HP: 0/20 MP: 0/10
  6079 | D:5      | Reached XP level 5. HP: 24/24 MP: 3/11
  6089 | D:6      | Noticed a water moccasin
  6104 | D:6      | HP: 1/24 [poisoned by a water moccasin]
  6104 | D:6      | Slain by a water moccasin

Illustrated notes

Levels and vault maps discovered:
D:1:      minmay_arrival_diagonal_passages, layout_loops_ring,
          corexii_corridor_pit, minmay_misc_feat_rugged
D:2:      minmay_angry_zag, layout_rooms, ebering_ecumenical_altar_rust
D:3:      layout_basic, yredelemnul_forgotten_temple_becter,
          nicolae_overflow_ecumenical_swirl, mainiacjoe_overflow_catwalk,
          glass_columns_b, lexackson_kobold_supper, uniq_terence
D:4:      layout_loops_ring, minmay_temple_entry_junction
D:5:      layout_layer_cave, uniq_prince_ribbit1
D:6:      layout_gridville, uniq_duvessa

Skill      XL: |  1  2  3  4 |
---------------+-------------+-----
Fighting       | 1 2 |  2.8
Dodging        | 3 4 |  4.8
Spellcasting   | 3 |  3.4
Air Magic      | 3 |  3.6
Stealth        | |  2.6
Conjurations   | |  0.8

Action                   |  1- 3 |  4- 6 || total
-------------------------+-------+-------++-------
Melee: Unarmed           |    14 |    12 ||    26
       Bite              |     1 |     2 ||     3
 Cast: Shock             |   132 |    97 ||   229
       Static Discharge  |     1 |     9 ||    10
Evoke: Wand              |       |     1 ||     1
  Use: Scroll            |       |     1 ||     1
Armor: Skin              |     1 |     2 ||     3
Dodge: Dodged            |    26 |    28 ||    54
